 Dungeon Crawl Stone Soup version 0.21-a0-55-gb612c23 (webtiles) character file.

9779 Rododendron the Carver (level 11, -2/91 HPs)
             Began as a Demigod Gladiator on June 15, 2017.
             Killed from afar by an ice dragon (19 damage)
             ... with a blast of cold
             ... on level 11 of the Dungeon.
             The game lasted 00:28:03 (11080 turns).

Rododendron the Carver (Demigod Gladiator)         Turns: 11080, Time: 00:28:03

Health: -2/91      AC: 20    Str: 24    XL:     11   Next: 7%
Magic:  14/14      EV: 18    Int: 12    God:
Gold:   454        SH: 13    Dex: 28    Spells: 10/10 levels left

rFire    x . .     SeeInvis .   P - +3 long sword
rCold    + + .     Gourm    .   s - +0 buckler {rN+}
rNeg     + . .     Faith    .   Y - +0 plate armour {rC+}
rPois    .         Spirit   .   c - +0 helmet
rElec    .         Reflect  +   k - +0 cloak
rCorr    .         Harm     .   l - +1 pair of gloves
MR       ++...                  J - +0 pair of boots
Stlth    ..........             h - +6 amulet of reflection
HPRegen  0.25/turn              Z - ring of ice
MPRegen  0.14/turn              R - ring of protection from magic

@: mighty, agile
A: rugged brown scales 1, high mp 1, strong 1, evolution 1
a: no special abilities


You were on level 11 of the Dungeon.
You were hungry.

You visited 1 branch of the dungeon, and saw 11 of its levels.

You collected 547 gold pieces.
You spent 93 gold pieces at shops.

Inventory:

Hand Weapons
 M - a +0 great sword
 P - a +3 long sword (weapon)
 W - a +0 blowgun
Missiles
 a - 3 needles of confusion
 d - 12 tomahawks
 p - 2 needles of sleeping
 v - 3 javelins (quivered)
 y - 58 poisoned needles
 V - 7 curare-tipped needles
Armour
 c - a +0 helmet (worn)
 k - a +0 cloak (worn)
 l - a +1 pair of gloves (worn)
 s - a +0 buckler of positive energy (worn)
 J - a +0 pair of boots (worn)
 K - a +0 pair of gloves
 Y - a +0 plate armour of cold resistance (worn)
Jewellery
 h - a +6 amulet of reflection (around neck)
 r - an uncursed amulet of harm
 N - an uncursed ring of magical power
 R - a ring of protection from magic (right hand)
 T - an uncursed ring of protection from fire
 Z - a ring of ice (left hand)
Wands
 i - a wand of iceblast (8/15)
 w - a wand of lightning (8/15)
 C - a wand of disintegration (10/24)
 D - a wand of digging (24/24)
Scrolls
 e - 4 scrolls of enchant weapon
 m - 4 scrolls of amnesia
 t - 6 scrolls of teleportation
 x - 2 scrolls of immolation
 E - 4 scrolls of identify
 F - a scroll of remove curse
 H - 3 scrolls of fog
 X - 2 scrolls of recharging
Potions
 q - a potion of agility
 u - a potion of might
 A - 2 potions of cancellation {unknown}
 B - a potion of brilliance {unknown}
 G - a potion of curing
 I - a potion of ambrosia {unknown}
 O - a potion of flight {unknown}
Books
 b - a book of Party Tricks

   Spells                             Type                      Level
   a - Summon Butterflies             Summoning                    1
   b - Apportation                    Translocation                1
   c - Lesser Beckoning               Translocation                3
   d - Tukima's Dance                 Hexes                        3
   e - Alistair's Intoxication        Transmutation/Poison         5
   f - Invisibility                   Hexes                        6
 j - a book of Cantrips

   Spells                             Type                      Level
   a - Confusing Touch                Hexes                        1
   b - Animate Skeleton               Necromancy                   1
   c - Summon Small Mammal            Summoning                    1
   d - Apportation                    Translocation                1
Miscellaneous
 S - a fan of gales
 U - a fan of gales
Comestibles
 f - 8 bread rations
 g - 7 royal jellies
 n - 4 meat rations
 z - 3 fruits


   Skills:
 + Level 6.3 Fighting
 + Level 9.6 Long Blades
 - Level 5.0 Throwing
 + Level 6.5 Armour
 + Level 7.2 Dodging
 - Level 5.7 Shields


You had 10 spell levels left.
You didn't know any spells.

Dungeon Overview and Level Annotations

Branches:
Dungeon (11/15)            Temple (0/1) D:4            Lair (0/6) D:11
    Orc (0/2) D:9

Shops:
D:5 [

Portals:
Ice
Cave: D:11


Innate Abilities, Weirdness & Mutations

You have an increased reservoir of magic. (+10% MP)
You are partially covered in rugged brown scales. (AC +1, +3% HP)
Your muscles are strong. (Str +2)
You evolve.


Message History

You slash the ice dragon!
The ice dragon is heavily wounded.
You block the ice dragon's attack.
The ice dragon claws you but does no damage.
The ice dragon tramples you but does no damage.
You hit the ice dragon but do no damage.
The ice dragon is heavily wounded.
The ice dragon bites you!
* * * LOW HITPOINT WARNING * * *
You block the ice dragon's attack.
The ice dragon tramples you but does no damage.
You hit the ice dragon.
The ice dragon is severely wounded.
The ice dragon bites you but does no damage.
The ice dragon completely misses you. You block the ice dragon's attack.
You hit the ice dragon.
The ice dragon is severely wounded.
The ice dragon breathes frost at you. The blast of cold hits you! You resist.
You die...

........................,,,,*,,,,
........................,,,,**,,,
#....#####†.............,,,,***,,
#..,,* #..####...##..,,,,,,,,,,
#,,,,* #..# #...#*,,,,,,,,,,,,
*,,,,* #..# #...#*,,,,,,,,,,,,
*,,,,* #..# #...#*,,,,,,,,,,,,
*,,,,* #..####...#*,,,,,,,,,,,,
,***** #..##..@..##..,,,,,,,,,,
******* #####.D........,,,,,,,,,
***,,,*#** ##..........,,,,,,,,,
**,,...#.####.........##**,,,****
**,,k......#.#...###..# *,,,* *
**,,,,,,**#†##...# *..# *,,,****
***,,,*,* ####...#**,.#***,,,,,,,
* ***********#.....,,,.,,,,,,,,,,
***** *,,,.......,,,,,,,,,,,,,


You could see an ice dragon.

Vanquished Creatures
  4 two-headed ogres
  An unseen horror (D:10)
  A troll (D:10)
  Grinder (D:4)
  2 polar bears (D:11)
  2 hippogriffs
  A yak (D:11)
  2 wyverns
  A steam dragon (D:10)
  2 hungry ghosts
  Menkaure (D:7)
  Edmund (D:6)
  4 wargs (D:9)
  4 orc warriors
  A sky beast (D:9)
  2 ice beasts
  A phantom (D:8)
  3 ogres
  3 wolves (D:11)
  A centaur (D:10)
  A big kobold (D:9)
  10 bullfrogs
  A water moccasin zombie (D:10)
  4 scorpions
  6 wights
  2 howler monkeys (D:8)
  4 crimson imps
  2 quasits (D:7)
  A bullfrog zombie (D:7)
  7 hounds
  3 orc priests
  6 orc wizards
  2 centaur skeletons
  An iguana (D:4)
  10 worker ants
  A killer bee zombie (D:8)
  A hound skeleton (D:7)
  A worker ant zombie (D:6)
  7 gnolls
  A howler monkey skeleton (D:5)
  12 adders
  3 shadow imps
  An ooze (D:1)
  2 adder skeletons
  A worm (D:4)
  5 dart slugs
  4 leopard geckos
  24 orcs
  2 ball pythons
  6 giant cockroaches
  12 goblins
  6 hobgoblins
  3 jackals (D:6)
  5 quokkas
  17 bats
  9 frilled lizards
  11 kobolds
  A leopard gecko skeleton (D:4)
  2 quokka skeletons
  4 rats
  A plant (D:1)
240 creatures vanquished.

Vanquished Creatures (others)
  A goblin (D:2)
1 creature vanquished.

Grand Total: 241 creatures vanquished

Notes
Turn   | Place    | Note
-------+----------+-------------------------------------------
     0 | D:1      | Rododendron the Demigod Gladiator began the quest for the Orb.
     0 | D:1      | Reached XP level 1. HP: 17/17 MP: 3/3
   182 | D:1      | Reached skill level 3 in Long Blades
   302 | D:1      | Reached XP level 2. HP: 15/24 MP: 4/4
   954 | D:1      | Reached XP level 3. HP: 29/29 MP: 5/5
  1203 | D:2      | Reached skill level 4 in Long Blades
  1417 | D:2      | Found a sacrificial altar of Ru.
  1418 | D:2      | Found a blossoming altar of Fedhas.
  1599 | D:2      | Found a sparkling altar of Nemelex Xobeh.
  1806 | D:2      | Reached XP level 4. HP: 34/36 MP: 6/6
  2006 | D:2      | Reached skill level 5 in Long Blades
  2102 | D:2      | Found a bloodstained altar of Trog.
  2467 | D:3      | Reached XP level 5. HP: 21/41 MP: 7/7
  2952 | D:4      | Reached skill level 6 in Long Blades
  3199 | D:4      | Found a staircase to the Ecumenical Temple.
  3265 | D:4      | You fall through a shaft for 3 floors!
  3279 | D:7      | Reached XP level 6. HP: 37/48 MP: 8/8
  3415 | D:7      | Noticed Menkaure
  3419 | D:7      | Killed Menkaure
  3419 | D:7      | Reached skill level 7 in Long Blades
  3727 | D:6      | Noticed Edmund
  3740 | D:6      | Killed Edmund
  3740 | D:6      | Reached skill level 1 in Armour
  3740 | D:6      | Reached XP level 7. HP: 31/53 MP: 9/9
  3941 | D:6      | Gained mutation: Your body sometimes deteriorates upon taking damage. [potion of mutation]
  3941 | D:6      | Gained mutation: Your flesh is heat resistant. (rF+) [potion of mutation]
  3942 | D:6      | Lost mutation: Your body sometimes deteriorates upon taking damage. [potion of mutation]
  3942 | D:6      | Lost mutation: Your flesh is heat resistant. (rF+) [potion of mutation]
  3942 | D:6      | Gained mutation: You are robust. (+10% HP) [potion of mutation]
  3942 | D:6      | Lost mutation: You are robust. (+10% HP) [potion of mutation]
  3942 | D:6      | Gained mutation: You are partially covered in iridescent scales. (AC +2) [potion of mutation]
  3942 | D:6      | Gained mutation: Your muscles are strong. (Str +2) [potion of mutation]
  3953 | D:6      | HP: 1/53 [orc warrior/hand axe (14)]
  4278 | D:5      | Entered Level 5 of the Dungeon
  4283 | D:5      | Found an ancient bone altar of Kikubaaqudgha.
  4321 | D:5      | Found Ushalium's Armour Boutique.
  4845 | D:5      | Found an iron altar of Okawaru.
  5113 | D:4      | Noticed Grinder
  5139 | D:4      | Paralysed by Grinder for 7 turns
  5156 | D:4      | Killed Grinder
  5156 | D:4      | Reached XP level 8. HP: 19/60 MP: 10/10
  5836 | D:6      | Reached skill level 5 in Throwing
  5932 | D:7      | Found a radiant altar of Vehumet.
  6039 | D:7      | Found a snail-covered altar of Cheibriados.
  6077 | D:7      | Found a deep blue altar of Sif Muna.
  6249 | D:7      | Noticed an angel
  6250 | D:7      | Found a glowing silver altar of Zin.
  6405 | D:7      | Noticed a hippogriff
  6410 | D:7      | Killed a hippogriff
  6516 | D:8      | Reached skill level 8 in Long Blades
  6626 | D:8      | Reached skill level 5 in Dodging
  6695 | D:8      | Reached XP level 9. HP: 38/70 MP: 11/11
  6878 | D:8      | Noticed a two-headed ogre
  6890 | D:8      | Killed a two-headed ogre
  7195 | D:8      | Found a shimmering altar of Xom.
  7279 | D:8      | Reached skill level 5 in Armour
  7750 | D:9      | Noticed a two-headed ogre
  7750 | D:9      | Noticed a two-headed ogre
  7930 | D:9      | Reached skill level 5 in Fighting
  8109 | D:9      | Killed a two-headed ogre
  8109 | D:9      | Reached skill level 9 in Long Blades
  8109 | D:9      | Reached XP level 10. HP: 41/81 MP: 13/13
  8181 | D:9      | Noticed a two-headed ogre
  8390 | D:9      | Lost mutation: You are partially covered in iridescent scales. (AC +2) [potion of mutation]
  8390 | D:9      | Lost mutation: Your muscles are strong. (Str +2) [potion of mutation]
  8390 | D:9      | Gained mutation: Your muscles are strong. (Str +2) [potion of mutation]
  8390 | D:9      | Gained mutation: You evolve. [potion of mutation]
  8462 | D:9      | Killed a two-headed ogre
  8468 | D:9      | Killed a two-headed ogre
  8915 | D:5      | Bought a +0 buckler of positive energy for 93 gold pieces
  9476 | D:9      | Found a staircase to the Orcish Mines.
  9492 | D:9      | Reached skill level 1 in Shields
  9778 | D:10     | Entered Level 10 of the Dungeon
  9822 | D:10     | Gained mutation: You are partially covered in rugged brown scales. (AC +1, +3% HP) [evolution]
 10132 | D:10     | Killed an unseen horror
 10233 | D:10     | Reached skill level 5 in Shields
 10843 | D:11     | Found a frozen archway.
 10845 | D:11     | Noticed an ice dragon
 10870 | D:11     | Reached XP level 11. HP: 69/91 MP: 14/14
 11080 | D:11     | Killed from afar by an ice dragon

Vault maps used:
D:1:      nagdon_arrival_double_spiral, minivault_11, serial_bayou_lake_a
D:2:      gammafunk_temple_overflow_forgotten, nemelex_altar_shiori
D:3:      first_bread
D:4:      temple_pool_b, minivault_14, uniq_grinder
D:5:      overflow_temple_1_default, okawaru_gym_becter, serial_shops, shop,
          roderic_batcave
D:6:      uniq_edmund
D:7:      zin_angel, marbit_many_paths, old_standard_altar, basic_altar,
          uniq_menkaure
D:8:      lemuel_doored_altar
D:9:      david_orc_1_choice
D:11:     erik_lair_orcish_takeover, portal_ice_cave_entry_animals_and_master

Skill      XL: |  1  2  3  4  5  6  7  8  9 10 |
---------------+-------------------------------+-----
Long Blades    | 3 4 5 6 7 8 9 |  9.6
Armour         | 1 2 4 5 6 |  6.5
Dodging        | 3 4 5 6 7 |  7.2
Throwing       | 4 5 |  5.0
Fighting       | 3 5 6 |  6.3
Shields        | 5 |  5.7

Action                   |  1- 3 |  4- 6 |  7- 9 | 10-12 || total
-------------------------+-------+-------+-------+-------++-------
Melee: Long sword        |   169 |   175 |   384 |   305 ||  1033
       Great sword       |       |       |    16 |       ||    16
Throw: Throwing net      |       |     3 |     4 |       ||     7
       Tomahawk          |       |       |    10 |    10 ||    20
       Javelin           |       |       |     5 |     7 ||    12
Evoke: Wand              |       |       |       |     1 ||     1
  Use: Scroll            |       |     5 |    10 |     2 ||    17
       Potion            |       |     1 |     9 |     5 ||    15
 Stab: Sleeping          |     4 |     3 |     2 |       ||     9
       Distracted        |       |     1 |     1 |       ||     2
       Held in net/web   |       |     1 |     1 |       ||     2
  Eat: Chunk             |     3 |     7 |    14 |     9 ||    33
       Fruit             |       |       |     5 |     1 ||     6
Armor: Leather armour    |    42 |    46 |    98 |    10 ||   196
       Plate armour      |       |       |       |   134 ||   134
Dodge: Dodged            |   106 |   161 |   321 |   138 ||   726
Block: Other             |       |       |    80 |     7 ||    87
       Buckler           |       |       |       |   185 ||   185
       Rpst.: Long sword |    32 |    42 |    85 |    30 ||   189
       Great sword       |       |       |     1 |       ||     1
